 Dungeon Crawl Stone Soup version 0.28-a0-811-g00180f5fcc (webtiles) character file.

Game seed: 4620422266410428060

2590 AarnesTheHuman the Spear-Bearer (level 9, -2/64 HPs)
             Began as a Merfolk Fighter on Nov 4, 2021.
             Was an Elder of Hepliaklqana.
             Slain by an unseen horror (8 damage)
             ... on level 6 of the Dungeon on Nov 8, 2021.
             The game lasted 00:27:12 (11091 turns).

AarnesTheHuman the Spear-Bearer (Merfolk Fighter)  Turns: 11091, Time: 00:27:13

Health: -2/64      AC:  6    Str: 19    XL:     9   Next: 58%
Magic:  22/22      EV: 10    Int:  8    God:    Hepliaklqana [****..]
Gold:   428        SH:  9    Dex: 13    Spells: 8/8 levels left

rFire   . . .      SeeInvis .   a - +2 spear (vamp)
rCold   . . .      Faith    .   w - +0 kite shield
rNeg    . . .      Spirit   .   q - +0 scale mail
rPois   .          Reflect  .   (no helmet)
rElec   .          Harm     .   (no cloak)
rCorr   .          Rampage  .   (no gloves)
Will    .....                   (no boots)
Stlth   ..........              (no amulet)
HPRegen 0.20/turn               t - ring of magical power
MPRegen 0.18/turn               (no ring)

@: about to teleport
A: reduced essence, (nimble swimmer 2), mertail
a: Renounce Religion, Recall Ancestor, Ancestor Identity, Transference, Idealise


You were on level 6 of the Dungeon.
You worshipped Hepliaklqana.
Hepliaklqana was greatly pleased with you.
You visited 1 branch of the dungeon, and saw 7 of its levels.

You collected 428 gold pieces.

Inventory:

Hand Weapons
 a - a +2 vampiric spear (weapon)
 b - a +3 hunting sling
 k - a +0 hunting sling
 v - a +1 trident
Missiles
 l - 278 stones (quivered)
 m - a throwing net
 r - 75 sling bullets
 x - 6 poisoned darts
Armour
 c - a +0 buckler
 q - a +0 scale mail (worn)
 w - a +0 kite shield (worn)
 y - a +0 plate armour
Jewellery
 g - a ring of willpower
 t - a ring of magical power (left hand)
Wands
 i - a wand of paralysis (10)
 n - a wand of iceblast (6)
Scrolls
 e - a scroll of teleportation
 j - a scroll of enchant weapon
 z - a scroll of identify
Potions
 d - 3 potions of might
 f - a potion of berserk rage
 h - 4 potions of curing
 o - a potion of brilliance
 p - a potion of ambrosia
 s - a potion of lignification
 u - a potion of heal wounds


   Skills:
 + Level 7.5 Fighting
 + Level 9.2 Polearms
 - Level 2.3 Armour
 + Level 7.8 Dodging
 + Level 4.6 Shields
 + Level 6.4 Invocations


You had 8 spell levels left.
You didn't know any spells.
Your spell library was empty.

Dungeon Overview and Level Annotations

Branches:
Dungeon (7/15)             Temple (0/1) D:6

Altars:
Hepliaklqana

Annotations:
D:3 exclusion: downstairs
D:6 exclusions: downstairs and oklob plant


Innate Abilities, Weirdness & Mutations

Your life essence is reduced to manifest your ancestor. (-10% HP)
((You are quick and stealthy near water. (Stealth+, EV+, Speed+++)))
Your lower body shifts to a powerful aquatic tail in water.


Message History

Something hits you but does no damage.
Melek gestures next to you while chanting.
Something hits you but does no damage.
The black bear bites Melek.
The black bear closely misses Melek.
The black bear barely misses Melek.
Something hits you. Something hits you. Something hits you.
Melek gestures next to you while chanting.
Something hits you but does no damage.
The black bear closely misses Melek.
The black bear claws Melek. x2
Melek hits the black bear with a +0 dagger of draining!
Melek drains the black bear.
Something hits you. Something hits you! You block something's attack.
Something hits you. Something hits you!
* * * LOW HITPOINT WARNING * * *
Something hits you.
* * * LOW HITPOINT WARNING * * *
Something hits you!
* * * LOW HITPOINT WARNING * * *
Something hits you.
* * * LOW HITPOINT WARNING * * *
You feel much better. You block something's attack. Something hits you.
* * * LOW HITPOINT WARNING * * *
Something hits you but does no damage. x2
There is a stone staircase leading up here.
Something hits you!
* * * LOW HITPOINT WARNING * * *
You block something's attack.
You climb upwards.
Level annotation: exclusions: downstairs and oklob plant Reactivating autopickup.
There is a stone staircase leading down here.
As you read the scroll of teleportation, it crumbles to dust.
You feel strangely unstable. Something hits you but does no damage.
Deactivating autopickup; reactivate with Ctrl-A.
Something hits you!
You die...

....#### #####.......###....##..
.......#####...####..............
........#.##..## #...............
.............#####...............
..........#[...##................
........####.................#...
.........# ##.).........##..###..
####...### #...........######...
.# #.....####...@.......## ##....
.# #.##...#..............###.....
.###.##.......>.....)............
..##..##..........#...)..........
...#.####.#......................
......###)#.#..#....#...)........
..........)###.####.).[.<........
...........#....###.[#...).......
......................[.......[..


There were no monsters in sight!

Vanquished Creatures
  2 yaks
  2 necrophages
  2 ogres (D:3)
  A phantom (D:7)
  2 gnoll sergeants (D:6)
  2 water moccasin skeletons
  A bullfrog zombie (D:5)
  2 orc priests
  4 jellies (D:6)
  A centaur skeleton (D:6)
  An iguana (D:6)
  An orc wizard (D:6)
  A scorpion zombie (D:5)
  A killer bee zombie (D:7)
  7 adders
  11 gnolls
  A shadow imp (D:5)
  2 white imps (D:7)
  3 adder skeletons (D:4)
  6 orcs
  4 bats
  7 endoplasms
  3 giant cockroaches
  24 goblins
  20 hobgoblins
  10 jackals
  7 kobolds
  5 ball pythons
  4 frilled lizards
  3 rats (D:1)
140 creatures vanquished.

Vanquished Creatures (collateral kills)
  2 ice beasts
  An ogre (D:6)
  A centaur (D:5)
  Blork the orc (D:6)
  A bullfrog (D:7)
  A gnoll sergeant (D:5)
  A scorpion (D:6)
  A water moccasin skeleton (D:5)
  A howler monkey (D:5)
  A centaur zombie (D:6)
  A bullfrog zombie (D:6)
  4 jellies
  An orc wizard (D:6)
  A hound skeleton (D:5)
  9 gnolls
  A worm (D:2)
  5 orcs
  2 ball pythons
  A bat (D:2)
  11 endoplasms (D:6)
  10 goblins
  8 hobgoblins (D:5)
  A quokka (D:4)
  3 kobolds
69 creatures vanquished.

Vanquished Creatures (others)
  9 hexers
  5 ancestors (D:4)
  7 fungi (D:6)
  4 plants (D:2)
25 creatures vanquished.

Grand Total: 234 creatures vanquished

Notes
Turn   | Place    | Note
-------+----------+-------------------------------------------
     0 | D:1      | AarnesTheHuman the Merfolk Fighter began the quest for the
                  | Orb.
     0 | D:1      | Reached XP level 1. HP: 18/18 MP: 1/1
    96 | D:1      | Found a faded altar of an unknown god.
   209 | D:1      | Prayed at the altar of an unknown god.
   209 | D:1      | Became a worshipper of Hepliaklqana the Forgotten
   209 | D:1      | Reached * piety under Hepliaklqana
   300 | D:1      | Reached XP level 2. HP: 21/21 MP: 2/2
   761 | D:1      | Reached XP level 3. HP: 26/26 MP: 3/3
   994 | D:2      | Reached skill level 1 in Dodging
  1001 | D:2      | Reached ** piety under Hepliaklqana
  1257 | D:2      | Reached skill level 1 in Invocations
  1330 | D:2      | Reached XP level 4. HP: 33/33 MP: 4/4
  2540 | D:4      | Reached skill level 4 in Polearms
  2593 | D:4      | Reached *** piety under Hepliaklqana
  2696 | D:4      | Reached XP level 5. HP: 24/37 MP: 6/6
  2990 | D:4      | Noticed an ogre
  3125 | D:4      | Noticed an ogre
  3157 | D:3      | Killed an ogre
  3158 | D:3      | Reached XP level 6. HP: 42/44 MP: 7/7
  3349 | D:4      | HP: 2/44 [ogre (12)]
  3740 | D:3      | Reached skill level 5 in Polearms
  4702 | D:5      | Entered Level 5 of the Dungeon
  4824 | D:5      | Noticed a necrophage
  4827 | D:5      | Reached XP level 7. HP: 37/49 MP: 9/9
  4830 | D:4      | Remembered your ancestor Melek as a hexer
  4911 | D:5      | Reached skill level 5 in Fighting
  5316 | D:5      | Reached skill level 6 in Polearms
  5692 | D:5      | Reached **** piety under Hepliaklqana
  6098 | D:5      | Reached skill level 5 in Dodging
  6098 | D:5      | Reached XP level 8. HP: 20/56 MP: 11/11
  6298 | D:4      | Upgraded the game from 0.28-a0-793-g31680bbd8b to
                  | 0.28-a0-811-g00180f5fcc
  7049 | D:5      | Reached skill level 7 in Polearms
  8495 | D:6      | Reached skill level 5 in Invocations
  8947 | D:6      | Reached skill level 8 in Polearms
  9071 | D:6      | Noticed an oklob plant
  9083 | D:6      | Reached XP level 9. HP: 63/63 MP: 13/13
  9470 | D:6      | Noticed Blork the orc
  9486 | D:6      | Killed Blork the orc
  9852 | D:6      | Found a staircase to the Ecumenical Temple.
 10349 | D:7      | Reached skill level 9 in Polearms
 10989 | D:7      | Noticed an eight-headed hydra
 11084 | D:7      | HP: 3/64 [something (3)]
 11091 | D:6      | Slain by an unseen horror

Illustrated notes

Levels and vault maps discovered:
D:1:      pf_arrival_petrified_forest, layout_loops_corners,
          hellmonk_ecumenical_altar_heavens_door, minmay_cupped
D:2:      layout_rooms, serial_forest, infiniplex_forest_clump_double,
          infiniplex_forest_lined_1, infiniplex_forest_lined_1,
          infiniplex_forest_clump_diagonal, infiniplex_forest_clump_small,
          infiniplex_forest_clump_tiny, infiniplex_forest_clump_medium,
          infiniplex_forest_straight_2, infiniplex_forest_clump_C,
          grunt_decor_cap
D:3:      layout_basic
D:4:      layout_basic
D:5:      minmay_goblin_kobold_castle, layout_cave_pools, minmay_fountain_box
D:6:      lemuel_slime, layout_cave_pools, minmay_temple_entry_statues_pillars,
          amethyst_killhole, minivault_5, uniq_blork_the_orc
D:7:      layout_basic, hangedman_minor_gate_pass

Skill      XL: |  1  2  3  4  5  6  7  8  9 |
---------------+----------------------------+-----
Dodging        | 1 2 3 4 5 6 7 |  7.8
Invocations    | 1 2 3 4 5 6 |  6.4
Polearms       | 4 5 6 8 9 |  9.2
Fighting       | 4 5 6 7 |  7.5
Shields        | 4 |  4.6
Armour         | |  2.3

Action                   |  1- 3 |  4- 6 |  7- 9 || total
-------------------------+-------+-------+-------++-------
Melee: Trident           |    84 |   104 |   224 ||   412
       Spear             |       |       |   170 ||   170
Throw: Dart              |       |     7 |    10 ||    17
       Stone             |       |     2 |     7 ||     9
       Throwing net      |       |     1 |       ||     1
Invok: Recall Ancestor   |       |       |     5 ||     5
       Ancestor Life: He |       |       |     1 ||     1
  Use: Scroll            |     4 |     6 |     3 ||    13
       Potion            |       |       |     1 ||     1
 Stab: Confused          |       |       |     7 ||     7
       Distracted        |       |       |     7 ||     7
Armor: Scale mail        |    23 |    24 |    54 ||   101
Dodge: Dodged            |    18 |    31 |   118 ||   167
Block: Buckler           |     8 |    15 |    55 ||    78
       Kite shield       |       |       |    23 ||    23

Table legend: (Time is in decaauts)
 A = Elapsed time spent in this place.
 B = Non-inter-level travel time spent in this place.
 C = Inter-level travel time spent in this place.
 D = Time resting spent in this place.
 E = Time spent auto-exploring this place.
 F = Levels seen in this place.
 G = Mean time per level.
                   A        B        C        D        E       F      G
               +--------+--------+--------+--------+--------+-----+--------+
         Total |  10975 |  10377 |    598 |   3040 |   5223 |   7 | 1567.9 |
       Dungeon |  10975 |  10377 |    598 |   3040 |   5223 |   7 | 1567.9 |
               +--------+--------+--------+--------+--------+-----+--------+

Top non-repeatable levels by time:
     D:5: 3169 daAuts
     D:4: 2441 daAuts
     D:6: 1636 daAuts
     D:3: 1352 daAuts
     D:1: 968 daAuts
     D:7: 748 daAuts
     D:2: 658 daAuts
